 Dungeon Crawl Stone Soup version 0.25.1-2-g60ff931df9 (webtiles) character file.

Game seed: 15598334041853144227

3097 DearestLeader the Geomancer (level 9, -5/45 HPs)
             Began as a Gargoyle Earth Elementalist on Oct 2, 2020.
             Was a Believer of Vehumet.
             Shot with an arrow by a centaur warrior (16 damage)
             ... on level 8 of the Dungeon.
             The game lasted 00:20:53 (9538 turns).

DearestLeader the Geomancer (GrEE)                  Turns: 9538, Time: 00:20:53

Health: -5/45      AC: 10    Str: 13    XL:     9   Next: 90%
Magic:  16/16      EV: 12    Int: 18    God:    Vehumet [**....]
Gold:   232        SH:  0    Dex: 10    Spells: 3/18 levels left

rFire    . . .     SeeInvis .   M - staff of energy
rCold    + . .     Gourm    .   (no shield)
rNeg     + . .     Faith    .   c - +0 robe
rPois    ∞         Spirit   .   f - +0 helmet
rElec    +         Reflect  .   j - +0 cloak
rCorr    .         Harm     .   (no gloves)
MR       .....                  (no boots)
Stlth    ++........             (no amulet)
HPRegen  0.15/turn              n - ring of protection from cold
MPRegen  0.15/turn              s - ring of wizardry

@: no status effects
A: negative energy resistance 1, electricity resistance, unbreathing,
petrification resistance, rot immunity, AC +6
a: Renounce Religion


You were on level 8 of the Dungeon.
You worshipped Vehumet.
Vehumet was pleased with you.
You were hungry.

You visited 2 branches of the dungeon, and saw 9 of its levels.
You also visited: Ossuary.

You collected 232 gold pieces.

Inventory:

Missiles
 b - 218 stones (quivered)
Armour
 c - a +0 robe (worn)
 f - a +0 helmet (worn)
 j - a +0 cloak (worn)
Magical Staves
 M - an uncursed staff of energy (weapon)
Jewellery
 n - a ring of protection from cold (left hand)
 p - an uncursed amulet of faith
 s - a ring of wizardry (right hand)
 y - a +6 ring of intelligence
 B - a +4 ring of slaying
Wands
 i - a wand of iceblast (5)
 v - a wand of random effects (15)
 L - a wand of acid (5)
Scrolls
 a - a scroll of identify
 h - a scroll of fear {unknown}
 k - 4 scrolls of fog
 l - 4 scrolls of enchant weapon
 m - a scroll of remove curse
 q - 3 scrolls of amnesia
 t - 2 scrolls of magic mapping
 w - a scroll of teleportation
 F - a scroll of noise {unknown}
 K - a scroll of enchant armour {unknown}
Potions
 e - a potion of heal wounds {unknown}
 g - a potion of lignification {unknown}
 o - a potion of magic {unknown}
 r - a potion of berserk rage {unknown}
 u - 2 potions of resistance {unknown}
 x - 2 potions of stabbing {unknown}
 z - 5 potions of curing
 A - a potion of brilliance {unknown}
 C - 2 potions of degeneration {unknown}
 D - 2 potions of ambrosia {unknown}
 E - 2 potions of haste {unknown}
 I - a potion of might {unknown}
Comestibles
 d - 11 rations


   Skills:
 - Level 1.5 Dodging
 - Level 2.1 Stealth
 - Level 5.0 Spellcasting
 + Level 5.4 Conjurations
 - Level 2.0 Transmutations
 * Level 12.8 Earth Magic
 + Level 2.5 Evocations


You had 3 spell levels left.
You knew the following spells:

 Your Spells              Type           Power        Failure   Level  Hunger
a - Sandblast             Erth           ######       1%          1    None
b - Passwall              Tmut/Erth      ####....     1%          2    None
c - Stone Arrow           Conj/Erth      #####.       1%          3    None
d - Lee's Rapid Deconstr  Erth           ######....   1%          5    None
e - Petrify               Tmut/Erth      ####....     2%          4    None

Your spell library contained the following spells:

 Spells                   Type           Power        Failure   Level  Hunger
 Foxfire                  Conj/Fire      ##..         1%          1    None


Dungeon Overview and Level Annotations

Branches:
Dungeon (8/15)             Temple (1/1) D:5         Ossuary (visited)
   Lair: D:8-11

Altars:
Ashenzari
Elyvilon
Gozag
Kikubaaqudgha
Makhleb
Nemelex Xobeh
Okawaru
Qazlal
Ru
Sif Muna
Uskayaw
Vehumet
Xom
Yredelemnul
Zin
The Shining One

Shops:
D:8 %


Innate Abilities, Weirdness & Mutations

You are resistant to torment.
Your stone body is resilient. (AC +6)
You are immune to poison.
You resist negative energy. (rN+)
You are resistant to electric shocks. (rElec)
You can survive without breathing.
You are immune to petrification.
You are immune to rotting.


Message History

Aiming: Lee's Rapid Deconstruction (dangerous; 1% risk of failure)
Press: ? - help, Dir - move target cursor, f - gargoyle Fragment what (e.g. wall or brittle monster)?: a gargoyle, wielding a +0 flail
Okay, then.
The centaur warrior shoots an arrow.
The arrow hits you!!
Casting: Lee's Rapid Deconstruction (dangerous; 1% risk of failure)
Confirm with . or Enter, or press ? or * to list all spells.
Aiming: Stone Arrow (safe; 1% risk of failure)
Press: ? - help, Shift-Dir - straight line, f - worker ant
Aim: a worker ant
Okay, then.
Clearing level map.
You close the door, pushing everything out of the way.
The centaur warrior shoots an arrow.
The arrow closely misses you.
You see here an arrow.
There is an open door here.
The centaur warrior shoots an arrow.
The arrow hits you!
* * * LOW HITPOINT WARNING * * *
The centaur warrior shoots an arrow.
The arrow hits you!
You die...

##. .# ...
#.#.........# #9 ...
$##...##....#
#c##h##.#...###....#
#.#a#.##...# #....#
#.#+#.#...## #....#
...##...##...####∩...#
#...#...#.......######
#...##.##.......# #
#...#@#........#
..###...#'#.>......#
.........#...#######
....)...#...#
#.####........#
#.............#
######.###...# #.#
###.# #.# #.#


You could see a centaur warrior, a gargoyle, a hound and a worker ant.

Vanquished Creatures
  A shadow (D:8)
  A yak (D:8)
  Menkaure (D:4)
  2 porcupines (D:8)
  2 orc warriors
  3 ice beasts
  4 ogres
  A phantom (D:7)
  3 centaurs
  A big kobold (D:8)
  An elf zombie (Ossuary)
  2 bullfrogs (D:6)
  2 scorpions (D:6)
  A water moccasin skeleton (D:5)
  A crimson imp (D:6)
  A quasit (D:7)
  A hound (D:4)
  4 human zombies (Ossuary)
  A jelly (D:5)
  2 orc priests
  7 orc wizards
  2 worker ants
  A big kobold zombie (Ossuary)
  3 hound skeletons
  2 mummies (Ossuary)
  Robin (D:2)
  4 gnolls (D:3)
  4 adders
  2 shadow imps
  An adder skeleton (D:4)
  An adder zombie (Ossuary)
  3 dart slugs
  3 worms
  2 leopard geckos
  43 orcs
  10 bats
  7 giant cockroaches
  12 goblins
  17 hobgoblins
  2 jackals (D:1)
  A quokka (D:3)
  8 frilled lizards
  6 hobgoblin zombies (Ossuary)
  A jackal zombie (Ossuary)
  10 kobolds
  11 kobold zombies (Ossuary)
  A leopard gecko skeleton (D:4)
  10 orc zombies (Ossuary)
  A quokka skeleton (D:8)
  A quokka zombie (D:6)
  6 rats
  2 rat zombies (Ossuary)
220 creatures vanquished.

Notes
Turn   | Place    | Note
-------+----------+-------------------------------------------
     0 | D:1      | DearestLeader the Gargoyle Earth Elementalist began the
                  | quest for the Orb.
     0 | D:1      | Reached XP level 1. HP: 10/10 MP: 3/3
    98 | D:1      | Reached skill level 4 in Earth Magic
   248 | D:1      | Reached XP level 2. HP: 14/15 MP: 5/5
  1058 | D:1      | Reached skill level 5 in Earth Magic
  1058 | D:1      | Reached XP level 3. HP: 13/19 MP: 4/6
  1638 | D:2      | Noticed Robin
  1945 | D:2      | Found a burning altar of Makhleb.
  1975 | D:2      | Reached XP level 4. HP: 24/24 MP: 4/7
  1988 | D:2      | Killed Robin
  1988 | D:2      | Reached skill level 6 in Earth Magic
  2138 | D:2      | Learned a level 2 spell: Passwall
  2142 | D:2      | Learned a level 3 spell: Stone Arrow
  2596 | D:2      | Found a stormy altar of Qazlal.
  2901 | D:3      | Reached XP level 5. HP: 28/28 MP: 3/8
  2902 | D:3      | Reached skill level 7 in Earth Magic
  3740 | D:3      | Reached XP level 6. HP: 27/32 MP: 9/9
  4212 | D:4      | Reached skill level 8 in Earth Magic
  4255 | D:4      | Got polished swamp dragon scales
  4269 | D:4      | Identified the +2 swamp dragon scales of Muttered Phrases
                  | {*Slow rPois MR- Str+7 SInv} (You found it on level 4 of
                  | the Dungeon)
  4737 | D:4      | Noticed Menkaure
  4743 | D:4      | Killed Menkaure
  4743 | D:4      | Reached XP level 7. HP: 31/36 MP: 7/11
  4800 | D:4      | Learned a level 5 spell: Lee's Rapid Deconstruction
  4838 | D:4      | Reached skill level 9 in Earth Magic
  5234 | D:5      | Entered Level 5 of the Dungeon
  5578 | D:5      | Found a shimmering altar of Xom.
  5679 | D:5      | Reached skill level 10 in Earth Magic
  5679 | D:5      | Reached XP level 8. HP: 33/41 MP: 9/14
  5685 | D:5      | Learned a level 4 spell: Petrify
  5828 | D:5      | Found a staircase to the Ecumenical Temple.
  5834 | Temple   | Entered the Ecumenical Temple
  5912 | Temple   | Became a worshipper of Vehumet
  6282 | D:6      | Reached skill level 1 in Conjurations
  6353 | D:6      | Found a sand-covered staircase.
  6359 | Ossuary  | Entered an ossuary
  6579 | Ossuary  | Reached * piety under Vehumet
  6579 | Ossuary  | Offered knowledge of Freeze by Vehumet.
  6679 | Ossuary  | Reached skill level 11 in Earth Magic
  7095 | D:6      | Reached skill level 5 in Spellcasting
  7155 | D:6      | Reached skill level 1 in Transmutations
  7155 | D:6      | Reached XP level 9. HP: 13/45 MP: 16/16
  7661 | D:6      | Offered knowledge of Foxfire by Vehumet.
  7713 | D:6      | Reached ** piety under Vehumet
  8296 | D:7      | Found an iron altar of Okawaru.
  8464 | D:7      | Reached skill level 12 in Earth Magic
  8722 | D:7      | Reached skill level 1 in Evocations
  9204 | D:8      | Reached skill level 5 in Conjurations
  9261 | D:8      | Found Eroifex's Food Shop.
  9523 | D:8      | Found a runed translucent door.
  9529 | D:8      | Noticed a centaur warrior
  9531 | D:8      | Noticed a gargoyle
  9538 | D:8      | Shot with an arrow by a centaur warrior

Illustrated notes

Levels and vault maps discovered:
D:1:      dpeg_arrival_morbid_curiosity, layout_basic, minmay_misc_feat_chi,
          minmay_misc_feat_rugged
D:2:      layout_loops_ring, overflow_temple_1_default,
          lemuel_coloured_pillars_altar, ebering_dispersal_statue_hall,
          uniq_robin
D:3:      layout_basic
D:4:      layout_gridville, uniq_menkaure
D:5:      layout_cave_pools, lemuel_round_altar, minmay_temple_entry_fiery,
          first_ration
D:6:      layout_gridville, enter_ossuary_5
D:7:      layout_rooms, okawaru_ov_weapons_minmay
D:8:      minmay_the_grid_four_pointed_star
          [minmay_the_grid_triangle_9x9_subtriangle,
          minmay_the_grid_triangle_9x9_intruding_spiral,
          minmay_the_grid_triangle_9x9_sprig,
          minmay_the_grid_triangle_9x9_flanged_cone,
          minmay_the_grid_prize_trominoes], layout_basic, fedhas_ov_isle_minmay,
          grunt_lair_entry_orc_guard_hut, serial_shops, shop, uniq_maggie
Temple:   regret_index_temple_sphere_string

Skill      XL: |  1  2  3  4  5  6  7  8  9 |
---------------+----------------------------+-----
Earth Magic    | 4 5 6 7 8 10 11 12 | 12.8
Spellcasting   | 3 4 5 |  5.0
Conjurations   | 3 5 |  5.4
Transmutations | 1 2 |  2.0
Evocations     | 2 |  2.5
Dodging        | |  1.5
Stealth        | |  2.1

Action                   |  1- 3 |  4- 6 |  7- 9 || total
-------------------------+-------+-------+-------++-------
Melee: Unarmed           |    15 |       |       ||    15
       Short sword       |    95 |   214 |   230 ||   539
       Staff             |       |       |    20 ||    20
 Cast: Sandblast         |    24 |    49 |    74 ||   147
       Stone Arrow       |       |       |    45 ||    45
       Lee's Rapid Decon |       |       |     5 ||     5
  Use: Scroll            |       |     3 |     7 ||    10
 Stab: Sleeping          |     3 |     4 |     2 ||     9
  Eat: Chunk             |     3 |    10 |    10 ||    23
       Ration            |       |       |     2 ||     2
Armor: Robe              |    55 |    91 |   146 ||   292
Dodge: Dodged            |    97 |   193 |   230 ||   520
